 Dungeon Crawl Stone Soup version 0.31.0-1-g2c135a008e (webtiles) character file.

Game seed: 14710171846385187467

168 qw the Shooter (level 5, -3/40 HPs)
             Began as a Djinni Hunter on Jan 23, 2024.
             Slain by a gnoll
             ... wielding a +0 flail
             ... led by a gnoll bouda
              (6 damage)
             ... on level 3 of the Dungeon.
             The game lasted 00:00:07 (1388 turns).

qw the Shooter (Djinni Hunter)                      Turns: 1388, Time: 00:00:08

Health: -3/40      AC:  6    Str: 10    XL:     5   Next: 77%
Gold:   84         EV: 13    Int:  6    God:
                   SH:  0    Dex: 20

rFire   + + .        a - +0 shortbow
rCold   . . .        (shield currently unavailable)
rNeg    . . .        c - +0 leather armour
rPois   inf          (no helmet)
rElec   .            (no cloak)
rCorr   .            b - +2 pair of gloves of Idealism {+Inv rF+ Int-5 Dex+2}
SInv    .            (boots unavailable)
Will    .....        (no amulet)
Stlth   ++           e - ring of ice
HPRegen 0.26/turn    (no ring)
MPRegen 0.00/turn

%: infuse magic (-4 HP)
@: flying
A: sickness immunity, fire resistance 2, cold vulnerability 1, float, innate
caster, HP casting, extra vitality 1
a: Evoke Invisibility


You were on level 3 of the Dungeon.
You visited 1 branch of the dungeon, and saw 3 of its levels.

You collected 84 gold pieces.


Innate Abilities, Weirdness & Mutations

You are immune to sickness and miasma.
You are immune to poison.
Your flesh is very heat resistant. (rF++)
You are vulnerable to cold. (rC-)
You float through the air rather than walking.
You learn spells naturally, not from books.
Your magical power is your life essence.
You have superior vitality. (+4 MHP)


   Skills:
 - Level 3.2 Fighting
 + Level 4.7 Ranged Weapons
 - Level 3.0 Dodging
 - Level 0.7 Stealth


You knew the following spells:

 Your Spells              Type           Power      Damage    Failure   Level
a - Magic Dart            Conj           0%         1d3       56%         1
b - Momentum Strike       Conj/Tloc      0%         3d8       71%         2
Your spell library was empty.

Inventory:

Hand Weapons
 a - a +0 shortbow (weapon)
Armour
 b - the +2 pair of gloves of Idealism (worn) {+Inv rF+ Int-5 Dex+2}
   (You acquired it on level 2 of the Dungeon)

   Int-5:     It affects your intelligence (-5).
   Dex+2:     It affects your dexterity (+2).
   rF+:       It protects you from fire.
   +Inv:      It lets you turn invisible.
 c - a +0 leather armour (worn)
Jewellery
 e - a ring of ice (left hand)

Dungeon Overview and Level Annotations

Branches:
Dungeon (3/15)

Altars:
Fedhas
Yredelemnul

Annotations:
D:2 1 runed translucent door, Crazy Yiuf


Message History

1379 ||| DRINKING potion of heal wounds.
You feel much better.
The gnoll hits you from afar with a +0 spear.
The gnoll bouda gazes fiercely through you!
You feel your attacks grow feeble.
The gnoll bouda hits you with a +0 club!
The kobold completely misses you.
You shoot an arrow. The arrow hits the gnoll bouda.
You kill the gnoll bouda!
The gnoll barely misses you. The kobold closely misses you.
You shoot an arrow. The arrow hits the kobold.
You kill the kobold!
The gnoll hits you from afar with a +0 spear.
The gnoll barely misses you. The gnoll closely misses you.
You shoot an arrow. The arrow barely misses the gnoll.
The gnoll misses you. The gnoll barely misses you.
You shoot an arrow. The arrow hits the gnoll.
The gnoll is heavily wounded.
The gnoll hits you with a +0 club.
The gnoll hits you from afar with a +0 spear.
You shoot an arrow. The arrow hits the gnoll.
The gnoll is severely wounded.
The gnoll hits you with a +0 club. The gnoll hits you but does no damage.
You shoot an arrow. The arrow hits the gnoll.
The gnoll is severely wounded.
The gnoll is no longer moving quickly.
The gnoll barely misses you. The gnoll hits you but does no damage.
The gnoll misses you.
You shoot an arrow. The arrow hits the gnoll.
The gnoll is almost dead.
Your attacks no longer feel as feeble.
The gnoll hits you from afar with a +0 spear.
The gnoll misses you.
You shoot an arrow. The arrow hits the gnoll!
You kill the gnoll!
The gnoll hits you from afar with a +0 spear.
The gnoll misses you.
You shoot an arrow. The arrow hits the quokka!
You kill the quokka!
The gnoll misses you. The gnoll hits you with a +0 flail.
You die...

.# #. ##########
.. #......@)# .
##.######g#.# ##.
...)..gr.g#.#....
#.#...K.........
PP..g<....#.##
..P.P.......#
.._P.##+#####
P.P.. ..PP


You could see 2 gnolls.

Vanquished Creatures
  A gnoll bouda (D:3)
  2 adders (D:2)
  6 gnolls
  3 dart slugs
  2 endoplasms
  A giant cockroach (D:1)
  5 goblins
  3 hobgoblins
  3 jackals (D:1)
  3 kobolds
  6 quokkas
  7 ball pythons (D:1)
  8 bats
  4 frilled lizards
  6 rats
60 creatures vanquished.

Notes
Turn   | Place    | Note
-------+----------+-------------------------------------------
     0 | D:1      | qw the Djinni Hunter began the quest for the Orb.
     0 | D:1      | Reached XP level 1. HP: 18/18 MP: 0/0
     0 | D:1      | 0 ||| qw: Version: 0.3-a-132-g3d54051
     0 | D:1      | 0 ||| qw: Game counter: 655
     0 | D:1      | 0 ||| qw: Melee chars always use a shield: true
     0 | D:1      | 0 ||| qw: God list: Okawaru
     0 | D:1      | 0 ||| qw: Allow faded altars: false
     0 | D:1      | 0 ||| qw: Do Orc after clearing Dungeon:15 true
     0 | D:1      | 0 ||| qw: Do second Lair branch before Depths: true
     0 | D:1      | 0 ||| qw: Lair rune preference: random
     0 | D:1      | 0 ||| qw: Goals: Normal
     0 | D:1      | 0 ||| PLANNING D:1-11
    63 | D:1      | Reached XP level 2. HP: 17/23 MP: 0/0
   348 | D:1      | Reached skill level 4 in Ranged Weapons
   348 | D:1      | Reached XP level 3. HP: 28/28 MP: 0/0
   348 | D:1      | Learned a level 1 spell: Magic Dart
   751 | D:1      | 751 ||| UPGRADING to ring of ice.
   752 | D:1      | 752 ||| READING scroll labelled YNOWNYTH BITY.
   756 | D:1      | 756 ||| READING scroll labelled NUTYIXZI EDALU.
   756 | D:1      | 756 ||| ENCHANTING +0 shortbow.
   757 | D:1      | 757 ||| DROPPING scroll of butterflies.
   797 | D:2      | Found a runed translucent door.
   798 | D:2      | Noticed Crazy Yiuf
   830 | D:2      | 830 ||| RETREEEEATING.
   834 | D:2      | 834 ||| RETREEEEATING.
   840 | D:2      | Reached XP level 4. HP: 33/34 MP: 0/0
   843 | D:2      | Reached skill level 3 in Fighting
   845 | D:2      | 845 ||| FLEEEEING.
   855 | D:2      | 855 ||| STAIRDANCE
   964 | D:2      | Found a basalt altar of Yredelemnul.
  1089 | D:2      | Reached skill level 3 in Dodging
  1096 | D:2      | Found a faded altar of an unknown god.
  1205 | D:2      | Reached XP level 5. HP: 35/40 MP: 0/0
  1205 | D:2      | Learned a level 2 spell: Momentum Strike
  1317 | D:2      | 1317 ||| READING scroll labelled PEROEN TODAE.
  1317 | D:2      | 1317 ||| IDENTIFYING inky potion
  1318 | D:2      | 1318 ||| READING scroll labelled COELEV JOSI.
  1318 | D:2      | Identified a scroll of acquirement
  1318 | D:2      | 1318 ||| ACQUIRING +2 pair of gloves of Idealism {+Inv rF+
                  | Int-5 Dex+2}
  1318 | D:2      | Acquired the +2 pair of gloves of Idealism {+Inv rF+ Int-5
                  | Dex+2}
  1320 | D:2      | 1320 ||| UPGRADING to +2 pair of gloves of Idealism {+Inv
                  | rF+ Int-5 Dex+2}.
  1345 | D:3      | Found a blossoming altar of Fedhas.
  1362 | D:3      | 1362 ||| RETREEEEATING.
  1364 | D:3      | 1364 ||| RETREEEEATING.
  1366 | D:3      | 1366 ||| RETREEEEATING.
  1367 | D:3      | 1367 ||| RETREEEEATING.
  1368 | D:3      | 1368 ||| RETREEEEATING.
  1369 | D:3      | 1369 ||| RETREEEEATING.
  1378 | D:3      | HP: 10/40 [gnoll bouda/+0 club (1)]
  1379 | D:3      | 1379 ||| DRINKING potion of heal wounds.
  1386 | D:3      | HP: 7/40 [gnoll/+0 spear[a gnoll bouda] (4)]
  1387 | D:3      | HP: 3/40 [gnoll/+0 spear[a gnoll bouda] (5)]
  1388 | D:3      | Slain by a gnoll

Levels and vault maps discovered:
D:1:      evilmike_arrival_crescent, layout_basic, corexii_corridor_pit
D:2:      layout_rooms, shapermc_ecumenical_altar_hornbeckon, basic_altar,
          kennysheep_generic_room_16, uniq_crazy_yiuf_cottage
D:3:      layout_basic, grunt_temple_overflow_forces_of_nature

Skill      XL: |  1  2  3  4 |
---------------+-------------+-----
Ranged Weapons | 4 |  4.7
Fighting       | 3 |  3.2
Dodging        | 3 |  3.0
Stealth        | |  0.7

Action                     |  1- 3 |  4- 6 || total
---------------------------+-------+-------++-------
   Fire: Shortbow          |   106 |    80 ||   186
    Use: Scroll            |     2 |     2 ||     4
         Potion            |       |     1 ||     1
 Armour: Leather armour    |    41 |    41 ||    82
  Dodge: Dodged            |    61 |    34 ||    95

Table legend:
 A = Non-vault XP
 B = Vault XP
 C = Vault XP percentage of total XP
 D = Non-vault monster count
 E = Vault monster count
 F = Vault count percentage of total count
                 A         B        C        D         E       F
            +---------+---------+-------+---------+---------+-------
      Total |     238 |       4 |   1.7 |      58 |       2 |   3.3
            +---------+---------+-------+---------+---------+-------
        D:1 |      54 |       0 |   0.0 |      32 |       0 |   0.0
        D:2 |     111 |       4 |   3.5 |      21 |       2 |   8.7
        D:3 |      73 |       0 |   0.0 |       5 |       0 |   0.0
            +---------+---------+-------+---------+---------+-------
